 Dungeon Crawl Stone Soup version 0.17-a0-1831-gaadb308 (webtiles) character file.

1474 ahoge the Shield-Bearer (level 8, -3/49 HPs)
             Began as a Gargoyle Fighter on Sept 14, 2015.
             Slain by an orc warrior
             ... wielding a +0 battleaxe
              (22 damage)
             ... on level 6 of the Dungeon.
             The game lasted 00:31:53 (4134 turns).

ahoge the Shield-Bearer (Gargoyle Fighter)          Turns: 4134, Time: 00:31:53

Health: -3/49      AC: 13    Str: 20    XL:     8   Next: 78%
Magic:  0/8        EV: 11    Int:  9    God:
Gold:   182        SH: 10    Dex: 11    Spells: 0 memorised, 7 levels left

rFire  . . .     SeeInvis .     i - +2 whip (vamp)
rCold  . . .     Clarity  .     w - +0 ring mail
rNeg   + . .     SustAt   .     q - +0 shield
rPois  ∞         Gourm    .     x - +1 helmet
rElec  +         Spirit   +     (no cloak)
rCorr  .         Warding  .     (no gloves)
rMut   .         Stasis   .     (no boots)
MR     .....                    h - amulet of guardian spirit
Stlth  +.........               (no ring)
                                (no ring)

@: not resistant to hostile enchantments, very unstealthy
A: negative energy resistance 1, electricity resistance, unbreathing,
petrification resistance, rot immunity, AC +5
a: no special abilities


You were on level 6 of the Dungeon.
You were not hungry.

You visited 1 branch of the dungeon, and saw 6 of its levels.

You collected 221 gold pieces.
You spent 39 gold pieces at shops.

Inventory:

Hand weapons
 i - a +2 vampiric whip (weapon)
Armour
 q - a +0 shield (worn)
 w - a +0 ring mail (worn)
 x - a +1 helmet (worn)
Jewellery
 h - an amulet of guardian spirit (around neck)
 u - an uncursed amulet of resist mutation
Magical devices
 c - a wand of disintegration (9)
 y - a wand of magic darts (18)
Scrolls
 e - 5 scrolls of identify
 g - a scroll of teleportation
Potions
 a - a potion of brilliance {unknown}
 k - 2 potions of magic {unknown}
 s - a potion of mutation {unknown}
 t - a potion of cancellation {unknown}
 A - 2 potions of degeneration {unknown}
 B - 2 potions of curing
 D - a potion of agility {unknown}
 E - a potion of lignification {unknown}
Comestibles
 b - 6 chunks of flesh
 f - a slice of pizza
 j - 4 fruits
 l - 3 bread rations
 v - 2 beef jerkies
 C - 4 meat rations


   Skills:
 + Level 5.2 Fighting
 + Level 4.6 Maces & Flails
 + Level 5.3 Armour
 + Level 4.7 Dodging
 + Level 2.0 Stealth
 + Level 6.4 Shields


You had 7 spell levels left.
You didn't know any spells.

Dungeon Overview and Level Annotations

Branches:
Dungeon (6/15)
 Temple: D:4-7

Altars:
Dithmenos
Gozag

Shops:
D:4 (**(


Innate Abilities, Weirdness & Mutations

You are resistant to torment.
Your stone body is resilient (AC +5).
You are immune to poison.
You resist negative energy.
You are resistant to electric shocks.
You can survive without breathing.
You are immune to petrification.
You are immune to rotting.


Message History

The orc warrior hits you but does no damage.
You completely miss the orc warrior.
The orc warrior hits you with a battleaxe!!
The hound barks!
You barely miss the orc warrior.
You hit the orc warrior but do no damage.
You block the orc warrior's attack.
You closely miss the orc warrior. You block the orc warrior's attack.
You hit the orc warrior but do no damage.
The hound stops to sniff the ground.
You hit the orc warrior but do no damage.
The orc warrior hits you with a battleaxe!
* * * LOW HITPOINT WARNING * * *
Drink which item? (? for menu, Esc to quit)
You feel better.
The orc warrior hits you with a battleaxe.
You hit the orc warrior but do no damage.
You hit the orc warrior but do no damage.
The orc warrior hits you with a battleaxe!!
You die...

##........)....P.P......
##....P.P.....P♣P♣P..P.P.
#.....P♣P.....PP♣PP..P♣P♣
#...P♣PPP♣)...♣♣♣♣P..♣♣ #
##...PPPPP#'''## ####
#...♣P♣♣♣P#...#
#..PP♣#####.>.#
#..♣P♣#...#...#
#..PP♣#...#)@.#
#..♣P.#...#o########h'
#.....#...'h..g.K.g...
#.....#...'..o.g......
######################


You could see an orc warrior and a hound.

Vanquished Creatures
  An orc warrior (D:6)
  A water moccasin (D:5)
  3 ogres
  A necrophage (D:6)
  A centaur (D:6)
  2 giant frogs (D:4)
  A water moccasin skeleton (D:6)
  A crimson imp (D:5)
  A jelly (D:4)
  4 hounds
  4 orc wizards
  Jessica (D:2)
  4 worker ants
  Natasha (thrice) (D:2)
  A killer bee zombie (D:5)
  7 adders
  6 gnolls (D:6)
  4 oozes
  An adder skeleton (D:4)
  A worm (D:2)
  A giant gecko (D:1)
  6 orcs
  2 ball pythons
  10 hobgoblins
  11 jackals
  2 quokkas
  11 bats
  7 giant cockroaches
  2 giant newts
  7 goblins
  12 kobolds
  7 rats
  A plant (D:6)
127 creatures vanquished.

Notes
Turn   | Place    | Note
--------------------------------------------------------------
     0 | D:1      | ahoge the Gargoyle Fighter began the quest for the Orb.
     0 | D:1      | Reached XP level 1. HP: 14/14 MP: 1/1
   131 | D:1      | Reached XP level 2. HP: 19/19 MP: 2/2
   390 | D:1      | Reached XP level 3. HP: 24/24 MP: 3/3
   830 | D:2      | Found a faded altar to an unknown god.
   889 | D:2      | Noticed Natasha
   895 | D:2      | Killed Natasha
   895 | D:2      | Reached skill level 1 in Dodging
   895 | D:2      | Reached skill level 1 in Stealth
   895 | D:2      | Reached XP level 4. HP: 29/29 MP: 4/4
   903 | D:2      | Noticed Natasha
   921 | D:2      | Killed Natasha
  1072 | D:2      | Noticed Jessica
  1108 | D:2      | Killed Jessica
  1108 | D:2      | Reached skill level 4 in Fighting
  1108 | D:2      | Reached XP level 5. HP: 29/33 MP: 5/5
  1244 | D:2      | Noticed Natasha
  1280 | D:2      | Killed Natasha
  2007 | D:3      | Found an opulent altar of Gozag.
  2271 | D:4      | Found Gompont's Weapon Boutique.
  2278 | D:4      | Reached XP level 6. HP: 21/38 MP: 3/6
  2466 | D:4      | Noticed an ogre
  2478 | D:4      | Killed an ogre
  2478 | D:4      | Reached skill level 5 in Shields
  2525 | D:4      | Reached XP level 7. HP: 39/44 MP: 7/7
  2537 | D:4      | Found Huanik's General Store.
  2540 | D:4      | Bought a potion of curing for 39 gold pieces
  2687 | D:4      | Found Taraus's Antique Weapon Shop.
  2810 | D:4      | Found Peja's Assorted Antiques.
  2954 | D:5      | Entered Level 5 of the Dungeon
  3182 | D:5      | Found a shadowy altar of Dithmenos.
  3685 | D:5      | Reached XP level 8. HP: 34/48 MP: 5/8
  3786 | D:6      | Reached skill level 5 in Armour
  4004 | D:6      | Reached skill level 6 in Shields
  4050 | D:6      | Reached skill level 5 in Fighting
  4134 | D:6      | Slain by an orc warrior

Vault maps used:
D:1:      dpeg_arrival_tiny_j, minivault_26, minmay_surrounded
D:2:      first_bread, ecumenical_altar_2, uniq_natasha, uniq_jessica
D:3:      nicolae_gozag_cash_rules_everything_around_me
D:4:      serial_shops, shop, shop, shop_statue, shop, serial_park_tiny_pond
D:5:      grunt_dithmenos_smoke_and_mirrors
D:6:      kennysheep_housing_project, serial_glass, glass_columns_b,
          glass_columns_a

Action                   |  1- 3 |  4- 6 |  7- 9 || total
-------------------------+-------+-------+-------++-------
Melee: Flail             |    79 |       |       ||    79
       Whip              |    44 |   305 |   406 ||   755
  Use: Scroll            |       |       |     9 ||     9
       Potion            |       |       |     3 ||     3
  Eat: Bread ration      |     1 |       |       ||     1
       Chunk             |       |     4 |     3 ||     7
       Meat ration       |       |     1 |       ||     1
